 Dungeon Crawl Stone Soup version 0.20-a0-850-ge5a7832 (webtiles) character file.

27798 qpzil the Basher (level 13, -10/108 HPs)
             Began as a Demonspawn Gladiator on Mar 9, 2017.
             Was a High Priest of Okawaru.
             Killed from afar by Apostate's ghost (38 damage)
             ... with a lance of force
             ... on level 2 of the Orcish Mines.
             The game lasted 00:47:42 (15322 turns).

qpzil the Basher (Demonspawn Gladiator)            Turns: 15322, Time: 00:47:43

Health: -10/108    AC: 23    Str: 19    XL:     13   Next: 6%
Magic:  13/13      EV: 17    Int: 10    God:    Okawaru [*****.]
Gold:   797        SH:  0    Dex: 17    Spells: 12/12 levels left

rFire    + . .     SeeInvis +   S - +2 dire flail (protect)
rCold    + + .     Gourm    .   v - +6 scale mail {rC+}
rNeg     . . .     Faith    .   (shield currently unavailable)
rPois    .         Spirit   .   (helmet unavailable)
rElec    .         Reflect  .   i - scarf {rC+}
rCorr    .         Harm     .   G - +0 pair of gloves
MR       +....                  w - +0 pair of boots
Stlth    ++........             (no amulet)
Regen    0.3/turn               u - +5 ring of evasion
MPRegen  0.2/turn               D - ring of see invisible

@: protection aura, drained
A: horns 3, agile 1, fire resistance 1, magic resistance 1, nightstalker 2,
evolution 1, sturdy frame 2
a: Heroism, Finesse, Renounce Religion


You were on level 2 of the Orcish Mines.
You worshipped Okawaru.
Okawaru was extremely pleased with you.
You were hungry.

You visited 3 branches of the dungeon, and saw 15 of its levels.
You also visited: Sewer and Ossuary.

You collected 1371 gold pieces.
You spent 574 gold pieces at shops.

Inventory:

Hand Weapons
 S - a +2 dire flail of protection (weapon)
 W - the +1 mace of the End of Times {crush, rF+ Int+5 Dex+3}
   (You bought it in a shop on level 10 of the Dungeon)

   It inflicts extra damage upon your enemies.
   It affects your intelligence (+5).
   It affects your dexterity (+3).
   It protects you from fire.
Missiles
 a - 97 poisoned needles
 d - a throwing net (quivered)
 h - 8 javelins
 o - 5 needles of frenzy
 r - 8 needles of sleeping
 P - 6 needles of confusion
Armour
 i - a scarf of cold resistance (worn)
 s - a +3 buckler
 t - a +2 cloak
 v - a +6 scale mail of cold resistance (worn)
 w - a +0 pair of boots (worn)
 G - a +0 pair of gloves (worn)
 J - a +1 troll leather armour
Jewellery
 k - an uncursed ring of fire
 u - a +5 ring of evasion (right hand)
 z - an uncursed ring of magical power
 D - a ring of see invisible (left hand)
 F - a +5 amulet of reflection {unknown}
 I - an uncursed ring of protection from cold
 N - an uncursed ring of protection from fire
 R - an uncursed ring of protection from fire
Wands
 q - a wand of digging (12/24)
 M - a wand of acid (7/15)
 O - a wand of flame (23/48)
 V - a wand of enslavement (9/24)
Scrolls
 e - 4 scrolls of amnesia
 j - 6 scrolls of recharging
 n - 4 scrolls of teleportation
 p - a scroll of magic mapping {unknown}
 x - 10 scrolls of identify
 y - 5 scrolls of fear
 E - 4 scrolls of remove curse
 H - a scroll of blinking {unknown}
 T - 2 scrolls of fog
 Y - a scroll of enchant weapon
 Z - 2 scrolls of immolation {unknown}
Potions
 b - 3 potions of agility
 c - 2 potions of might
 g - 2 potions of haste
 l - 3 potions of berserk rage
 A - a potion of flight
 B - 2 potions of degeneration
 K - 2 potions of brilliance
 L - a potion of curing
 Q - a potion of magic
Comestibles
 f - 7 bread rations
 m - 6 meat rations
 C - 7 fruits


   Skills:
 + Level 12.2(11.6) Fighting
   Level 3.3(9.4) Axes
 - Level 14.0(13.5) Maces & Flails
 - Level 1.7(1.3) Throwing
 * Level 7.3(6.8) Armour
 - Level 2.6(2.2) Dodging
 + Level 4.9(4.5) Unarmed Combat


You had 12 spell levels left.
You didn't know any spells.

Dungeon Overview and Level Annotations

Branches:
Dungeon (12/15)            Temple (1/1) D:4            Lair (0/6) D:9
    Orc (2/2) D:12
    Elf: Orc:2

Altars:
Ashenzari
Cheibriados
Dithmenos
Elyvilon
Fedhas
Gozag
Hepliaklqana
Kikubaaqudgha
Makhleb
Nemelex Xobeh
Okawaru
Qazlal
Ru
Sif Muna
Trog
Uskayaw
Vehumet
Wu Jian
Xom
Yredelemnul
Zin
The Shining One

Shops:
D:8 [   D:10 [}**:   Orc:1 !?   Orc:2 %(}

Annotations:
Orc:2 Apostate's ghost, journeyman DsMo


Innate Abilities, Weirdness & Mutations

You have a pair of large horns on your head.
Your flesh is heat resistant. (rF+)
You are significantly more attuned to the shadows.
Your movements are less encumbered by armour. (ER -4)
You are agile. (Dex +2)
You are resistant to hostile enchantments. (MR+)
You evolve.


Message History

The orc wizard seems to speed up.
The orc warrior shouts!
The orc shouts!
The orc wizard misses you.
The two-headed ogre hits you with a giant spiked club!
* * * LOW HITPOINT WARNING * * *
The two-headed ogre misses you.
You feel better. The orc wizard closely misses you. The orc closely misses you.
The two-headed ogre completely misses you.
The two-headed ogre hits you with a dire flail of protection.
* * * LOW HITPOINT WARNING * * *
You feel better.
Your surroundings suddenly seem different.
Apostate's ghost turns its malevolent gaze towards you.
Apostate's ghost hits you!
* * * LOW HITPOINT WARNING * * *
You hit Apostate's ghost but do no damage.
Your weapon exudes an aura of protection.
Apostate's ghost points at you and mumbles some strange words.
The lance of force hits you!
You die...

... #..............O<...... #..
...#...).)....O)............ ...
#....#...#................ ...###
#...O)...................#
.....####...#....................
.#.....#.#.##[..#.......#........
#...........#..............<.....
##$.........[[...................
#..............@W...............
##...........................#.#
###.##.#.#...##..........#.## #
## #######################


You could see Apostate's ghost.

Vanquished Creatures
  Snorg (D:12)
  Erolcha (D:11)
  10 two-headed ogres
  A centaur warrior (D:9)
  3 ogre magi
  The ghost of notsosimplebreeze the Shield-Bearer, a novice TeFi of Dithmenos (D:9)
  2 orc knights (Orc:1)
  A cyclops (D:11)
  An orc sorcerer (Orc:1)
  A manticore (D:11)
  A centaur zombie (D:10)
  A gargoyle (D:12)
  3 trolls
  A wind drake (shapeshifter) (D:10)
  Sigmund (D:5)
  3 wraiths
  A wyvern (D:11)
  A yak (D:9)
  The ghost of Thrax the Bolt Thrower, an amateur CeHu (Ossuary)
  2 hungry ghosts
  A soldier ant (D:11)
  3 wargs
  2 water moccasins
  17 orc warriors
  5 black bears
  A hornet zombie (D:11)
  4 ice beasts
  5 sky beasts
  32 ogres
  A phantom (D:7)
  2 necrophages (D:7)
  6 centaurs
  A big kobold (D:8)
  A crocodile (D:9)
  8 bullfrogs
  4 scorpions
  21 killer bees
  3 howler monkeys
  10 wights
  A crimson imp (D:5)
  2 quasits
  2 jellies
  4 bullfrog skeletons
  18 orc priests
  A centaur skeleton (D:11)
  5 hounds
  3 iguanas
  Terence (D:3)
  Natasha (thrice) (D:3)
  26 orc wizards
  12 worker ants
  6 big kobold zombies (Ossuary)
  A hound skeleton (D:8)
  A hound zombie (D:9)
  A mummy (Ossuary)
  A worker ant zombie (D:5)
  18 adders
  3 shadow imps
  4 oozes
  4 adder skeletons
  2 adder zombies
  10 worms
  3 dart slugs
  8 leopard geckos
  102 orcs
  3 spectral bats (Ossuary)
  3 ball pythons
  15 bats
  17 giant cockroaches
  9 goblins
  6 hobgoblins
  10 jackals
  13 kobolds
  6 quokkas
  5 bat simulacra (Ossuary)
  5 frilled lizards
  5 gnoll zombies (Ossuary)
  3 goblin simulacra (Ossuary)
  4 goblin zombies (Ossuary)
  8 hobgoblin zombies (Ossuary)
  2 kobold simulacra (Ossuary)
  4 kobold zombies (Ossuary)
  2 orc zombies (Ossuary)
  A quokka skeleton (D:4)
  6 rats
  4 rat simulacra (Ossuary)
  4 spectral goblins (Ossuary)
  5 spectral kobolds (Ossuary)
546 creatures vanquished.

Vanquished Creatures (others)
  An orc (D:6)
1 creature vanquished.

Grand Total: 547 creatures vanquished

Notes
Turn   | Place    | Note
-------+----------+-------------------------------------------
     0 | D:1      | qpzil the Demonspawn Gladiator began the quest for the Orb.
     0 | D:1      | Reached XP level 1. HP: 16/16 MP: 1/1
   153 | D:1      | Gained mutation: Your movements are slightly less encumbered by armour. (ER -2) [demonic ancestry]
   153 | D:1      | Reached XP level 2. HP: 12/22 MP: 2/2
   521 | D:2      | Found a burning altar of Makhleb.
   522 | D:2      | Found a shimmering altar of Xom.
   589 | D:2      | Reached XP level 3. HP: 22/28 MP: 3/3
   671 | D:2      | Reached skill level 1 in Maces & Flails
  1677 | D:3      | Gained mutation: Your movements are less encumbered by armour. (ER -4) [demonic ancestry]
  1677 | D:3      | Reached XP level 4. HP: 34/34 MP: 4/4
  1700 | D:3      | Found an ancient bone altar of Kikubaaqudgha.
  1718 | D:3      | Reached skill level 2 in Maces & Flails
  1736 | D:3      | Noticed Terence
  1746 | D:3      | Killed Terence
  2002 | D:3      | Gained mutation: You have a pair of small horns on your head. [demonic ancestry]
  2002 | D:3      | Reached XP level 5. HP: 41/41 MP: 5/5
  2018 | D:3      | Noticed Natasha
  2025 | D:3      | Reached skill level 3 in Maces & Flails
  2030 | D:3      | Killed Natasha
  2048 | D:3      | Noticed Natasha
  2067 | D:3      | Killed Natasha
  2133 | D:3      | Noticed Natasha
  2140 | D:3      | Killed Natasha
  2353 | D:4      | Noticed an ogre
  2359 | D:4      | Killed an ogre
  2359 | D:4      | Reached skill level 4 in Maces & Flails
  2359 | D:4      | Gained mutation: You have a pair of horns on your head. [demonic ancestry]
  2359 | D:4      | Reached XP level 6. HP: 22/48 MP: 6/6
  2451 | D:4      | Found a sand-covered staircase.
  2456 | Ossuary  | Entered an ossuary
  2514 | Ossuary  | Noticed Thrax's ghost (amateur CeHu)
  2531 | Ossuary  | Killed Thrax's ghost
  2544 | Ossuary  | Reached skill level 5 in Maces & Flails
  2551 | Ossuary  | Gained mutation: You are slightly more attuned to the shadows. [demonic ancestry]
  2551 | Ossuary  | Reached XP level 7. HP: 54/55 MP: 7/7
  3134 | D:4      | Reached skill level 6 in Maces & Flails
  3179 | D:4      | Reached skill level 5 in Fighting
  3241 | D:4      | Found a staircase to the Ecumenical Temple.
  3255 | Temple   | Entered the Ecumenical Temple
  3389 | Temple   | Became a worshipper of Warmaster Okawaru
  3462 | D:4      | Found a snail-covered altar of Cheibriados.
  3731 | D:5      | Entered Level 5 of the Dungeon
  3800 | D:5      | Gained mutation: Your flesh is heat resistant. (rF+) [demonic ancestry]
  3800 | D:5      | Reached XP level 8. HP: 49/63 MP: 8/8
  3969 | D:5      | Noticed Sigmund
  3984 | D:5      | Killed Sigmund
  3984 | D:5      | Reached skill level 7 in Maces & Flails
  4229 | D:5      | Reached * piety under Okawaru
  4545 | D:5      | Reached skill level 8 in Maces & Flails
  4631 | D:6      | Found a glowing drain.
  4652 | Sewer    | Entered a sewer
  5323 | D:6      | Gained mutation: You are significantly more attuned to the shadows. [demonic ancestry]
  5323 | D:6      | Reached XP level 9. HP: 54/71 MP: 9/9
  5360 | D:6      | Reached ** piety under Okawaru
  5447 | D:6      | Reached skill level 9 in Maces & Flails
  5915 | D:7      | Found a radiant altar of Vehumet.
  6101 | D:7      | Reached skill level 10 in Maces & Flails
  6163 | D:7      | Found a sacrificial altar of Ru.
  6201 | D:7      | Reached *** piety under Okawaru
  6645 | D:7      | Gained mutation: You evolve. [potion of mutation]
  6645 | D:7      | Gained mutation: You are resistant to hostile enchantments. (MR+) [potion of mutation]
  6749 | D:8      | Gained mutation: You have a pair of large horns on your head. [demonic ancestry]
  6749 | D:8      | Reached XP level 10. HP: 57/81 MP: 10/10
  6766 | D:8      | Found a basalt altar of Yredelemnul.
  7341 | D:8      | Reached skill level 11 in Maces & Flails
  7395 | D:8      | Found an ornate altar of the Wu Jian Council.
  7432 | D:8      | Noticed a two-headed ogre
  7444 | D:8      | Killed a two-headed ogre
  7444 | D:8      | Reached **** piety under Okawaru
  7548 | D:8      | Found Sagh's Armour Shoppe.
  7727 | D:9      | Noticed notsosimplebreeze's ghost (novice TeFi)
  7741 | D:9      | Killed notsosimplebreeze's ghost
  7750 | D:9      | Reached skill level 12 in Maces & Flails
  7867 | D:9      | Found a shattered altar of Ashenzari.
  7875 | D:9      | Found a sparkling altar of Nemelex Xobeh.
  7905 | D:9      | Noticed a centaur warrior
  7925 | D:9      | Killed a centaur warrior
  7925 | D:9      | Reached ***** piety under Okawaru
  8455 | D:9      | Reached XP level 11. HP: 90/90 MP: 11/11
  9108 | D:9      | Found a staircase to the Lair.
  9276 | D:10     | Entered Level 10 of the Dungeon
  9276 | D:10     | Found Fiwysas's Assorted Antiques.
  9285 | D:10     | Reached skill level 10 in Fighting
  9286 | D:10     | Found Xout Viwn's Assorted Antiques.
  9305 | D:10     | Bought a translucent mace for 184 gold pieces
  9305 | D:10     | Identified the cursed +1 mace of the End of Times {crush, rF+ Int+5 Dex+3} (You bought it in a shop on level 10 of the Dungeon)
  9479 | D:10     | Noticed a two-headed ogre
  9486 | D:10     | Killed a two-headed ogre
  9627 | D:10     | Found Asast's Book Boutique.
  9648 | D:10     | Reached skill level 13 in Maces & Flails
  9666 | D:10     | Received a gift from Okawaru
  9753 | D:10     | Found Kengankynoc's Gadget Shop.
  9801 | D:10     | Found Birifoq's Armour Shoppe.
 10050 | D:10     | Noticed a two-headed ogre
 10057 | D:10     | Killed a two-headed ogre
 10384 | D:11     | Received a gift from Okawaru
 10446 | D:11     | Noticed Erolcha
 10458 | D:11     | Paralysed by Erolcha for 3 turns
 10484 | D:11     | Killed Erolcha
 10898 | D:11     | Received a gift from Okawaru
 11104 | D:11     | Reached skill level 14 in Maces & Flails
 11490 | D:12     | Reached skill level 1 in Armour
 11518 | D:12     | Reached XP level 12. HP: 55/100 MP: 12/12
 11702 | D:12     | Found a staircase to the Orcish Mines.
 11715 | Orc:1    | Entered Level 1 of the Orcish Mines
 11715 | Orc:1    | Noticed Snorg
 11827 | D:12     | Reached skill level 1 in Unarmed Combat
 11924 | D:12     | Found an opulent altar of Gozag.
 12133 | D:12     | Noticed a two-headed ogre
 12142 | D:12     | Killed a two-headed ogre
 12298 | D:12     | Killed Snorg
 12592 | Orc:1    | Noticed a two-headed ogre
 12600 | Orc:1    | Gained mutation: You are agile. (Dex +2) [evolution]
 12601 | Orc:1    | Killed a two-headed ogre
 12741 | Orc:1    | Found Seikh's Magic Scroll Boutique.
 12757 | Orc:2    | Entered Level 2 of the Orcish Mines
 13183 | Orc:1    | Reached skill level 5 in Armour
 13407 | Orc:1    | Bought 3 scrolls of identify for 90 gold pieces
 13407 | Orc:1    | Bought a scroll of identify for 30 gold pieces
 13407 | Orc:1    | Bought a scroll of identify for 30 gold pieces
 13407 | Orc:1    | Bought a scroll of identify for 30 gold pieces
 13407 | Orc:1    | Bought a scroll of identify for 30 gold pieces
 13422 | Orc:1    | Found Zenuin's Distillery.
 13432 | Orc:1    | Bought a potion of curing for 36 gold pieces
 13432 | Orc:1    | Bought a potion of curing for 36 gold pieces
 13432 | Orc:1    | Bought 2 potions of curing for 72 gold pieces
 13432 | Orc:1    | Bought a potion of curing for 36 gold pieces
 13687 | Orc:2    | Noticed a two-headed ogre
 13687 | Orc:2    | Noticed an ogre mage
 13687 | Orc:2    | Found Jock's Gadget Shoppe.
 13687 | Orc:2    | Found Kasasehoits's Antique Weapon Shop.
 13687 | Orc:2    | Noticed a two-headed ogre
 13687 | Orc:2    | Noticed an ogre mage
 13687 | Orc:2    | Noticed an ogre mage
 13689 | Orc:2    | Noticed a two-headed ogre
 13689 | Orc:2    | Noticed a two-headed ogre
 13711 | Orc:2    | Noticed a two-headed ogre
 13727 | Orc:1    | Killed a two-headed ogre
 13727 | Orc:1    | Received a gift from Okawaru
 13752 | Orc:2    | Noticed a two-headed ogre
 13759 | Orc:2    | Killed a two-headed ogre
 14021 | Orc:2    | Noticed a two-headed ogre
 14242 | Orc:1    | Killed a two-headed ogre
 14244 | Orc:1    | Killed a two-headed ogre
 14354 | Orc:2    | Killed a two-headed ogre
 14358 | Orc:2    | Noticed Apostate's ghost (journeyman DsMo)
 14360 | Orc:2    | Killed an ogre mage
 14667 | Orc:2    | Noticed an ogre mage
 14676 | Orc:1    | Killed an ogre mage
 14681 | Orc:1    | Killed an ogre mage
 14681 | Orc:1    | Reached ****** piety under Okawaru
 14681 | Orc:1    | Received a gift from Okawaru
 14681 | Orc:1    | Reached XP level 13. HP: 88/108 MP: 13/13
 15258 | Orc:2    | Noticed an orc warlord
 15302 | Orc:2    | Found Towk's Food Boutique.
 15322 | Orc:2    | Killed from afar by Apostate's ghost

Vault maps used:
D:1:      mrwooster_arrival_arrow
D:2:      grunt_temple_overflow_open, first_bread
D:3:      kiku_gazebo_pond_becter, due_unseen_surprise, uniq_natasha,
          uniq_terence
D:4:      kennysheep_mini_moat, minmay_temple_entry_glassed_door,
          enter_ossuary_2, minmay_misc_feat_plants
D:5:      moated_statue, uniq_sigmund
D:6:      gup_sewer_entry_glass
D:7:      nicolae_ru_awakened_eye, basic_altar
D:8:      overflow_temple_1_default, serial_shops, nicolae_shop_crystal,
          basic_altar
D:9:      lemuel_crystal_altar, overflow_temple_1_default,
          grunt_lair_entry_orc_guard_hut
D:10:     serial_shops, nicolae_shop_waterfront, nicolae_shop_waterfront,
          shop_fountains, nicolae_shop_overgrown_old_shop,
          nicolae_shop_statue_plus
D:11:     uniq_erolcha
D:12:     hiddenorc1_lemuel, basic_altar
Temple:   eino_temple_lava
Orc:1:    serial_shops, shop, shop, uniq_snorg
Orc:2:    st_orc_ogre_mass, serial_shops, shop, minmay_orc_barracks
Sewer:    sewer_fruit_machine
Ossuary:  ossuary_zaba_two_paths

Skill      XL: |  1  2  3  4  5  6  7  8  9 10 11 12 |
---------------+-------------------------------------+-----
Axes           | 3 |  3.3
Maces & Flails | 1 2 4 5 6 8 10 12 14 | 14.0
Fighting       | 3 4 5 6 8 9 11 12 | 12.2
Armour         | 1 7 |  7.3
Unarmed Combat | 4 |  4.9
Throwing       | |  1.7
Dodging        | |  2.6

Action                   |  1- 3 |  4- 6 |  7- 9 | 10-12 | 13-15 || total
-------------------------+-------+-------+-------+-------+-------++-------
Melee: War axe           |    60 |       |       |       |       ||    60
       Mace              |    74 |   161 |   759 |   936 |       ||  1930
       Headbutt          |       |    22 |   147 |   243 |    19 ||   431
       Dire flail        |       |       |       |    82 |    79 ||   161
Throw: Throwing net      |     2 |       |       |     2 |       ||     4
       Javelin           |       |       |       |     3 |       ||     3
Invok: Heroism           |       |       |     1 |     2 |       ||     3
  Use: Scroll            |     5 |     4 |    10 |     7 |     3 ||    29
       Potion            |       |     4 |    10 |     7 |     4 ||    25
 Stab: Distracted        |       |       |     1 |     2 |       ||     3
       Sleeping          |       |       |     6 |    13 |       ||    19
  Eat: Bread ration      |     1 |       |     1 |     3 |       ||     5
       Chunk             |       |     1 |    11 |    10 |       ||    22
       Royal jelly       |       |       |     1 |     2 |       ||     3
       Fruit             |       |       |       |     1 |       ||     1
Armor: Leather armour    |    23 |       |       |       |       ||    23
       Ring mail         |    24 |     2 |       |       |       ||    26
       Scale mail        |       |    75 |   390 |   373 |    26 ||   864
Dodge: Dodged            |   104 |   102 |   431 |   613 |    66 ||  1316
Block: Buckler           |       |       |   101 |   281 |       ||   382
